 Seeded DCSS version 0.30-a0-743-gbfdf073431 (webtiles) character file.

Game seed: 5430720872467839093 (custom seed)

165 purpskrrrp the Sneak (level 5, -1/29 HPs)
             Began as a Deep Elf Brigand on Feb 7, 2023.
             Killed by nerve-wracking pain
             ... invoked by an orc priest
              (14 damage)
             ... on level 3 of the Dungeon.
             The game lasted 00:05:26 (2267 turns).

purpskrrrp the Sneak (Deep Elf Brigand)             Turns: 2267, Time: 00:05:27

Health: -1/29      AC:  5    Str: 14    XL:     5   Next: 21%
Magic:  7/7        EV: 13    Int: 18    God:
Gold:   498        SH:  0    Dex: 16    Spells: 4/4 levels left

rFire   . . .      SeeInvis .    o - +2 quick blade (drain)
rCold   + . .      Faith    .    (no shield)
rNeg    . . .      Spirit   .    b - +0 robe
rPois   .          Reflect  .    (no helmet)
rElec   .          Harm     .    c - +0 cloak
rCorr   .          Rampage  .    (no gloves)
Will    .....                    (no boots)
Stlth   ++++                     (no amulet)
HPRegen 0.24/turn                n - +6 ring of strength
MPRegen 0.10/turn                u - ring of Gegih {Wiz Str+2 Stlth+}

@: no status effects
A: iridescent scales 1, cold resistance 1, weak 1
a: no special abilities


You were on level 3 of the Dungeon.
You visited 1 branch of the dungeon, and saw 3 of its levels.

You collected 498 gold pieces.

Inventory:

Hand Weapons
 a - a +2 dagger of chaos
 o - a +2 quick blade of draining (weapon)
 s - the +6 dagger of the Lusting Badger {flame, +Blink rN+++ Str-3 Stlth-}
   (You acquired it on level 2 of the Dungeon)

   Str:       It affects your strength (-3).
   rN:        It renders you almost immune to negative energy.
   +Blink:    It lets you blink.
   Stlth:     It makes you less stealthy.
Missiles
 d - 9 poisoned darts
 e - 3 curare-tipped darts
Armour
 b - a +0 robe (worn)
 c - a +0 cloak (worn)
Jewellery
 n - a +6 ring of strength (left hand)
 p - a ring of protection from cold
 u - the ring of Gegih (right hand) {Wiz Str+2 Stlth+}
   (You acquired it on level 2 of the Dungeon)

   [ring of wizardry]

   It improves your spell success rate.
   Str:       It affects your strength (+2).
   Stlth:     It makes you more stealthy.
Scrolls
 g - a scroll of teleportation {unknown}
 i - 3 scrolls of amnesia {unknown}
 k - a scroll of noise {unknown}
 l - a scroll of torment {unknown}
 m - a scroll of identify {unknown}
 q - a scroll of fog {unknown}
 r - a scroll of immolation {unknown}
 t - a scroll of enchant armour {unknown}
Potions
 h - a potion of attraction {unknown}


   Skills:
 - Level 1.5 Fighting
 + Level 2.9 Short Blades
 - Level 2.0 Throwing
 + Level 2.8 Dodging
 + Level 5.7 Stealth
 * Level 3.3 Translocations


You had 4 spell levels left.
You didn't know any spells.
Your spell library was empty.

Dungeon Overview and Level Annotations

Branches:
Dungeon (3/15)

Altars:

Shops:
D:2 ?


Innate Abilities, Weirdness & Mutations

You are partially covered in iridescent scales. (AC +2)
Your flesh is cold resistant. (rC+)
You are weak. (Str -2)


Message History

You are too injured to fight recklessly!
You are too injured to fight recklessly!
You are too injured to fight recklessly!
You are too injured to fight recklessly!
You are too injured to fight recklessly!
You are too injured to fight recklessly!
You are too injured to fight recklessly!
You are too injured to fight recklessly!
You are too injured to fight recklessly!
You are too injured to fight recklessly!
You are too injured to fight recklessly!
You are too injured to fight recklessly!
You are too injured to fight recklessly!
You are too injured to fight recklessly!
You hit the orc priest but do no damage.
The orc priest is moderately wounded.
You hit the orc priest.
The orc priest is heavily wounded.
The orc priest miscasts a cantrip.
You hit the orc priest but do no damage.
You drain the orc priest.
The orc priest is severely wounded.
You closely miss the orc priest.
The orc priest is severely wounded.
The orc priest barely misses you.
You hit the orc priest but do no damage.
The orc priest is severely wounded.
The orc priest hits you with a +0 club.
You closely miss the orc priest.
The orc priest is severely wounded.
You barely miss the orc priest.
The orc priest is severely wounded.
The orc priest hits you but does no damage.
You barely miss the orc priest.
The orc priest is severely wounded.
You closely miss the orc priest.
The orc priest is severely wounded.
The orc priest calls down the wrath of Beogh upon you.
Pain shoots through your body!
You die...

###.......
##........>.
##............
###.............
...............
#.........$...
#..o........!.
#...@......#
##..><..../#
##.......).#
#....!.....#
#.<........#
#..........#
............##
###.......†(..#####
##......†<.......


You could see an orc priest (very drained).

Vanquished Creatures
  A necrophage (D:2)
  An orc wizard (D:2)
  3 gnolls (D:2)
  An adder (D:2)
  3 orcs
  3 bats
  5 endoplasms
  4 hobgoblins
  4 jackals (D:1)
  5 kobolds
  2 quokkas (D:1)
  3 ball pythons
  A frilled lizard (D:2)
  4 goblins
  A rat (D:1)
41 creatures vanquished.

Notes
Turn   | Place    | Note
-------+----------+-------------------------------------------
     0 | D:1      | purpskrrrp the Deep Elf Brigand began the quest for the
                  | Orb.
     0 | D:1      | Reached XP level 1. HP: 12/12 MP: 3/3
    72 | D:1      | Reached skill level 1 in Translocations
   149 | D:1      | Reached skill level 5 in Stealth
   149 | D:1      | Reached XP level 2. HP: 16/16 MP: 4/4
  1001 | D:2      | Reached XP level 3. HP: 20/20 MP: 5/5
  1131 | D:2      | Noticed a necrophage
  1137 | D:2      | Killed a necrophage
  1138 | D:2      | Reached XP level 4. HP: 20/25 MP: 6/6
  1387 | D:2      | Identified 4 scrolls of acquirement
  1387 | D:2      | Acquired the +6 dagger of the Lusting Badger {flame, +Blink
                  | rN+++ Str-3 Stlth-}
  1870 | D:2      | Found Doddoiw's Magic Scroll Shoppe.
  1878 | D:2      | Acquired the ring of Gegih {Wiz Str+2 Stlth+}
  1880 | D:2      | Acquired 429 gold pieces
  1881 | D:2      | Acquired a +2 quick blade of draining
  2007 | D:2      | Reached XP level 5. HP: 5/29 MP: 7/7
  2009 | D:2      | Gained mutation: You are weak. (Str -2) [potion of
                  | mutation]
  2009 | D:2      | Gained mutation: You are partially covered in iridescent
                  | scales. (AC +2) [potion of mutation]
  2009 | D:2      | Gained mutation: Your flesh is cold resistant. (rC+)
                  | [potion of mutation]
  2267 | D:3      | Killed from afar by an orc priest

Illustrated notes

Levels and vault maps discovered:
D:1:      dpeg_arrival_boxes_within_box, layout_basic
D:2:      layout_loops_ring, serial_shops, shop, nicolae_kite_square_tiling_tiny
D:3:      layout_rooms, okawaru_metal_pillars_3, ebering_ecumenical_altar_rust

Skill      XL: |  1  2  3  4 |
---------------+-------------+-----
Translocations | 1 2 3 |  3.3
Stealth        | 5 |  5.7
Dodging        | 2 |  2.8
Fighting       | |  1.5
Short Blades   | |  2.9
Throwing       | |  2.0

Action                     |  1- 3 |  4- 6 || total
---------------------------+-------+-------++-------
  Melee: Dagger            |    64 |    19 ||    83
         Punch             |     1 |     2 ||     3
         Quick blade       |       |    43 ||    43
  Throw: Dart              |     3 |     2 ||     5
    Use: Scroll            |     1 |     4 ||     5
         Potion            |       |     3 ||     3
   Stab: Sleeping          |     9 |     1 ||    10
 Armour: Robe              |    10 |    13 ||    23
  Dodge: Dodged            |    40 |    27 ||    67

Table legend: (Time is in decaauts)
 A = Elapsed time spent in this place.
 B = Non-inter-level travel time spent in this place.
 C = Inter-level travel time spent in this place.
 D = Time resting spent in this place.
 E = Time spent auto-exploring this place.
 F = Levels seen in this place.
 G = Mean time per level.
                   A        B        C        D        E       F      G
               +--------+--------+--------+--------+--------+-----+--------+
         Total |   2237 |   2116 |    121 |    561 |   1257 |   3 |  745.7 |
       Dungeon |   2237 |   2116 |    121 |    561 |   1257 |   3 |  745.7 |
               +--------+--------+--------+--------+--------+-----+--------+

Top non-repeatable levels by time:
     D:2: 1250 daAuts
     D:1: 929 daAuts
     D:3: 57 daAuts
